AoeStats
← Rodri

Pilgrims

509969063Analyzed
3v3 RM · 4d ago on Sep 28, 2026· 70m 59s· 6 players
Game mode
Random Map
Map size
Normal (6 player)
Population
200
Speed
Normal
Resources
Standard
Victory
Conquest
Starting age
Dark Age
Ending age
Imperial Age
RankedLock teamsTeams togetherTeam positionsShared explorationLock speedFull tech treeHidden civsTurbo modeCheats
Victory
Defeat
🇨🇳 Franks · China
759
+13
🇦🇷 Italians · Argentina
745
+14
🇺🇸 Goths · United States
632
+18
🇹🇷 Spanish · Türkiye
760
-47
🇹🇷 Italians · Türkiye
697
-15
🇹🇷 Turks · Türkiye
609
-12
SoCanBrook
1:44 Loom
17:37 Feudal Age
18:15 Fishing Lines
21:11 Wheelbarrow
20:43 Arson
22:55 Double-Bit Axe
22:54 Horse Collar
25:34 Gold Mining
25:35 Stone Mining
33:04 Bloodlines
36:45 Castle Age
38:01 Medium Warships
37:12 Demolition Ship
37:44 Gillnets
40:06 Husbandry
40:13 Scale Barding Armor
40:09 Scale Mail Armor
40:19 Forging
42:37 Chain Mail Armor
42:43 Chain Barding Armor
44:39 Gold Shaft Mining
53:49 Imperial Age
59:43 Imperial Age
NazguL
5:38 Loom
11:43 Feudal Age
12:26 Fishing Lines
13:17 Gold Mining
16:59 Stone Mining
17:52 Double-Bit Axe
24:08 Castle Age
22:01 Fletching
23:46 Padded Archer Armor
25:44 Medium Warships
25:41 Bodkin Arrow
25:45 Gillnets
26:50 Treadmill Crane
28:42 Siphons
29:00 Masonry
30:06 Silk Road
30:12 Bow Saw
32:05 Scale Barding Armor
32:10 Forging
33:02 Town Watch
35:59 Imperial Age
33:45 Husbandry
33:58 Bloodlines
34:19 Chain Barding Armor
33:23 Pikeman
34:03 Squires
33:49 Arson
35:23 Wheelbarrow
34:33 Town Watch
35:07 Fortified Wall
39:11 Imperial Age
39:55 Leather Archer Armor
42:39 Chemistry
43:28 Ballistics
43:30 Shipwright
43:25 Clinker Construction
43:26 Careening
43:47 Architecture
43:17 Elite Cannon Galleon
44:42 Bracer
48:40 Dry Dock
48:44 Carvel Hull
49:06 Ring Archer Armor
57:12 Heavy Warships
67:32 Coinage
Jack Sparrow
7:59 Loom
12:04 Feudal Age
20:22 Double-Bit Axe
20:20 Horse Collar
26:27 Man-at-Arms
26:52 Arson
26:29 Man-at-Arms
29:16 Padded Archer Armor
29:07 Fletching
29:23 Scale Barding Armor
29:18 Scale Mail Armor
29:29 Forging
31:52 Castle Age
30:24 Man-at-Arms
30:50 Arson
34:39 Leather Archer Armor
34:45 Chain Barding Armor
34:40 Chain Mail Armor
35:01 Iron Casting
34:21 Bodkin Arrow
34:41 Fortified Wall
34:51 Ballistics
34:41 Squires
34:26 Gambesons
34:02 Pikeman
34:03 Long Swordsman
44:49 Imperial Age
47:13 Chemistry
57:03 Chemistry
Sweet Lady
11:44 Feudal Age
10:16 Loom
21:45 Stone Mining
21:47 Gold Mining
26:08 Man-at-Arms
34:04 Castle Age
35:18 Long Swordsman
35:20 Pikeman
36:04 Scale Mail Armor
37:08 Squires
43:43 Wheelbarrow
44:12 Chain Mail Armor
44:59 Wheelbarrow
47:19 Anarchy
50:54 Forging
54:09 Double-Bit Axe
60:57 Imperial Age
59:31 Hand Cart
61:45 Murder Holes
62:05 Masonry
61:54 Murder Holes
61:56 Heated Shot
62:33 Ballistics
63:14 Chemistry
62:28 Clinker Construction
62:07 Treadmill Crane
63:53 Two-Handed Swordsman
63:53 Halberdier
64:43 Perfusion
64:04 Elite Huskarl
65:09 Champion
Rodri
11:32 Feudal Age
13:16 Double-Bit Axe
14:18 Wheelbarrow
15:06 Fishing Lines
18:49 Castle Age
19:50 Stone Mining
20:27 Gillnets
21:28 Town Watch
22:19 Medium Warships
22:26 Town Patrol
22:42 Hand Cart
25:35 Padded Archer Armor
25:25 Fletching
29:06 Imperial Age
27:25 Ballistics
27:25 Siphons
27:02 Treadmill Crane
28:20 Demolition Ship
29:51 Horse Collar
33:29 Chemistry
34:32 Heavy Plow
36:38 Leather Archer Armor
36:19 Bodkin Arrow
36:34 Forging
45:52 Ring Archer Armor
45:23 Bracer
47:24 Cavalier
48:04 Husbandry
56:00 Careening
62:09 Heavy Warships
64:41 Elite Cannon Galleon
66:12 Caravan
欧皇
10:55 Loom
14:19 Feudal Age
19:27 Double-Bit Axe
20:36 Gold Mining
30:11 Castle Age
31:58 Wheelbarrow
36:08 Fletching
38:36 Bodkin Arrow
40:36 Treadmill Crane
41:07 Masonry
41:09 Fortified Wall
43:37 Imperial Age
43:28 Forging
43:23 Scale Mail Armor
45:28 Chemistry
45:53 Conscription
55:33 Stone Mining
56:18 Gold Shaft Mining
60:59 Ballistics
Connection lost

Rejoining the realm…

Still unreachable

The connection could not be restored.

Session expired

The server has moved on; the page needs a fresh start.